 Dungeon Crawl Stone Soup version 0.23.1-42-g8abd8fc (webtiles) character file.

Game seed: 5748449612291593892

260 Borgoz the Cutter (level 6, -4/37 HPs)
             Began as a Gargoyle Gladiator on Mar 30, 2019.
             Killed from afar by Blork the orc (10 damage)
             ... with a puff of flame
             ... on level 4 of the Dungeon.
             The game lasted 00:06:59 (4232 turns).

Borgoz the Cutter (Gargoyle Gladiator)              Turns: 4232, Time: 00:07:00

Health: -4/37      AC:  8    Str: 18    XL:     6   Next: 17%
Magic:  6/6        EV: 13    Int:  8    God:
Gold:   145        SH:  0    Dex: 13    Spells: 3/5 levels left

rFire    . . .     SeeInvis .   a - +0 rapier
rCold    . . .     Gourm    .   (no shield)
rNeg     + . .     Faith    .   b - +0 leather armour
rPois    ∞         Spirit   .   c - +0 helmet
rElec    +         Reflect  .   (no cloak)
rCorr    .         Harm     .   (no gloves)
MR       .....                  (no boots)
Stlth    ++........             e - amulet of the acrobat
HPRegen  0.12/turn              (no ring)
MPRegen  0.10/turn              (no ring)

@: no status effects
A: negative energy resistance 1, electricity resistance, unbreathing,
petrification resistance, rot immunity, AC +4
a: no special abilities


You were on level 4 of the Dungeon.
You were not hungry.

You visited 1 branch of the dungeon, and saw 4 of its levels.

You collected 145 gold pieces.

Inventory:

Hand Weapons
 a - a +0 rapier (weapon)
 i - a +1 dagger of chaos
 l - a +1 dagger of chaos
 m - a +0 dagger of chaos
 n - a +0 club of chaos
Armour
 b - a +0 leather armour (worn)
 c - a +0 helmet (worn)
Jewellery
 e - an amulet of the acrobat (around neck)
Scrolls
 d - a scroll of fear
 g - a scroll of blinking {unknown}
 k - a scroll of identify
 o - a scroll of noise {unknown}
 p - a scroll of magic mapping
Comestibles
 f - 5 rations
 j - a chunk of flesh


   Skills:
 + Level 3.1 Fighting
 * Level 3.8 Short Blades
 - Level 1.7 Throwing
 * Level 3.0 Armour
 * Level 3.4 Dodging
 + Level 2.1 Stealth
 + Level 0.3 Translocations


You had 3 spell levels left.
You knew the following spells:

 Your Spells              Type           Power        Failure   Level  Hunger
a - Blink                 Tloc           N/A          56%         2    ###....

Your spell library contained the following spells:

 Spells                   Type           Power        Failure   Level  Hunger
 Magic Dart               Conj           #...         45%         1    ##.....
 Call Imp                 Summ           #.......     61%         2    ###....
 Slow                     Hex            #.......     61%         2    ###....
 Conjure Flame            Conj/Fire      #.......     83%         3    ####...
 Mephitic Cloud           Conj/Pois/Air  #.......     83%         3    ####...


Dungeon Overview and Level Annotations

Branches:
Dungeon (4/15)
 Temple: D:4-7

Altars:
Ashenzari
Cheibriados
Trog
Xom

Annotations:
D:4 Blork the orc, Pikel


Innate Abilities, Weirdness & Mutations

You are resistant to torment.
Your stone body is resilient. (AC +4)
You are immune to poison.
You resist negative energy. (rN+)
You are resistant to electric shocks. (rElec)
You can survive without breathing.
You are immune to petrification.
You are immune to rotting.


Message History

Blork the orc casts a spell at you. The puff of flame hits you!
* * * LOW HITPOINT WARNING * * *
You feel better.
Blork the orc hits you but does no damage.
You feel better. Blork the orc closely misses you.
d - a scroll of fear Blork the orc hits you but does no damage.
You hit Blork the orc.
Blork the orc is almost dead.
You barely miss Blork the orc.
Blork the orc is almost dead.
Blork the orc points at you and mumbles some strange words.
The magic dart hits you!
* * * LOW HITPOINT WARNING * * *
You barely miss Blork the orc.
Blork the orc is almost dead.
Blork the orc casts a spell at you. The puff of flame hits you!
You die...

#...... #...............
####...##..# #...............
......# ##..###..)..#..........
.....# #........##..........
#....### ....................
##......####...................
#.....................<........
......................###......
........#...##@..##... ##..^[.
...........####o..# ##....
#...........## #.....# ###..
#...........# ....## ##.
#.....[....## .(.# #.
............# #.## #.
............## .... ..
.............### #....
#......#+#.....###..#


You could see Blork the orc.

Vanquished Creatures
  4 slaves (D:3)
  A scorpion (D:4)
  An orc wizard (D:4)
  A worker ant (D:2)
  Robin (D:3)
  4 adders
  A worm (D:2)
  3 dart slugs
  A leopard gecko (D:3)
  11 orcs
  2 ball pythons (D:1)
  5 giant cockroaches
  12 goblins
  13 hobgoblins
  7 jackals
  8 kobolds
  8 bats
  A frilled lizard (D:1)
  7 rats
91 creatures vanquished.

Notes
Turn   | Place    | Note
-------+----------+-------------------------------------------
     0 | D:1      | Borgoz the Gargoyle Gladiator began the quest for the Orb.
     0 | D:1      | Reached XP level 1. HP: 12/12 MP: 1/1
   216 | D:1      | Reached XP level 2. HP: 17/17 MP: 2/2
   432 | D:1      | Reached skill level 1 in Armour
   824 | D:2      | Reached XP level 3. HP: 22/22 MP: 3/3
   845 | D:2      | Reached skill level 1 in Stealth
   965 | D:2      | Reached XP level 4. HP: 25/27 MP: 4/4
  1129 | D:2      | Found a snail-covered altar of Cheibriados.
  1737 | D:3      | Noticed Robin
  1976 | D:3      | Reached XP level 5. HP: 30/31 MP: 5/5
  2235 | D:3      | Killed Robin
  2329 | D:3      | Found a shattered altar of Ashenzari.
  2431 | D:3      | Found a shimmering altar of Xom.
  2443 | D:3      | Learned a level 2 spell: Blink
  2627 | D:4      | Noticed a slave
  2627 | D:4      | Noticed a slave
  2630 | D:4      | Noticed Pikel
  2631 | D:4      | Noticed a slave
  2632 | D:4      | Noticed a slave
  2976 | D:3      | Killed a slave
  3305 | D:3      | Killed a slave
  3575 | D:3      | Killed a slave
  3748 | D:3      | Killed a slave
  3811 | D:4      | Reached XP level 6. HP: 32/37 MP: 6/6
  4197 | D:4      | Found a bloodstained altar of Trog.
  4213 | D:4      | Noticed Blork the orc
  4226 | D:4      | HP: 1/37 [Blork the orc/puff of flame (9)]
  4232 | D:4      | Killed from afar by Blork the orc

Skill      XL: |  1  2  3  4  5  6 |
---------------+-------------------+-----
Armour         | 1 2 3 |  3.0
Short Blades   | 3 |  3.8
Stealth        | 1 2 |  2.1
Dodging        | 3 |  3.4
Fighting       | 3 |  3.1
Throwing       | |  1.7
Translocations | |  0.3

Action                   |  1- 3 |  4- 6 || total
-------------------------+-------+-------++-------
Melee: Rapier            |   122 |   289 ||   411
Throw: Throwing net      |       |     5 ||     5
  Use: Scroll            |       |     7 ||     7
       Potion            |       |     2 ||     2
 Stab: Sleeping          |     1 |     2 ||     3
       Held in net/web   |       |     1 ||     1
  Eat: Chunk             |       |    11 ||    11
Armor: Leather armour    |    59 |    98 ||   157
Dodge: Dodged            |    98 |   188 ||   286
